 Dungeon Crawl Stone Soup version 0.30-a0-1075-gcd70e7a56d (webtiles) character file.

Game seed: 16522969818760421327

173 BlasphemerAmon the Ducker (level 5, -6/47 HPs)
             Began as a Gnoll Monk on Apr 14, 2023.
             Mangled by Menkaure (13 damage)
             ... on level 5 of the Dungeon.
             The game lasted 00:05:58 (1423 turns).

BlasphemerAmon the Ducker (Gnoll Monk)              Turns: 1423, Time: 00:05:59

Health: -6/47      AC:  2    Str: 12    XL:     5   Next: 53%
Magic:  7/7        EV: 15    Int: 10    God:
Gold:   125        SH:  0    Dex: 14    Spells: 7/7 levels left

rFire   . . .      SeeInvis .    f - +1 hand axe (elec)
rCold   . . .      Faith    .    d - orb {light}
rNeg    . . .      Spirit   .    b - +0 robe
rPois   +          Reflect  .    (no helmet)
rElec   .          Rampage  .    (no cloak)
rCorr   .                        (no gloves)
Will    .....                    (no boots)
Stlth   +                        (no amulet)
HPRegen 0.27/turn                m - ring of poison resistance
MPRegen 0.10/turn                (no ring)

@: glowing, studying Unarmed Combat
A: fangs 1, strong nose, distributed training
a: no special abilities


You were on level 5 of the Dungeon.
You visited 1 branch of the dungeon, and saw 5 of its levels.

You collected 125 gold pieces.

Inventory:

Hand Weapons
 a - a +0 falchion
 f - a +1 hand axe of electrocution (weapon)
Armour
 b - a +0 robe (worn)
 d - an orb of light (worn)
 i - a +0 scale mail
Jewellery
 m - a ring of poison resistance (left hand)
 q - a ring of ice
 r - a ring of wizardry
Scrolls
 h - 3 scrolls of identify {unknown}
 l - a scroll of teleportation {unknown}
Potions
 c - 3 potions of ambrosia
 e - a potion of curing {unknown}
 g - a potion of resistance {unknown}
 j - 2 potions of mutation {unknown}
 k - 2 potions of flight {unknown}
 n - 2 potions of might {unknown}
 o - a potion of attraction {unknown}
 p - a potion of degeneration {unknown}


   Skills:
 + Level 6.7 Fighting
 + Level 1.6 Short Blades
 + Level 6.7 Long Blades
 + Level 1.6 Axes
 + Level 1.6 Maces & Flails
 + Level 1.6 Polearms
 + Level 1.6 Staves
 + Level 1.6 Ranged Weapons
 + Level 1.6 Throwing
 + Level 1.6 Armour
 + Level 6.7 Dodging
 + Level 4.4 Stealth
 + Level 1.6 Shields
 + Level 2.3 Unarmed Combat
 + Level 1.6 Spellcasting
 + Level 1.2 Conjurations
 + Level 1.2 Hexes
 + Level 1.2 Summonings
 + Level 1.2 Necromancy
 + Level 1.2 Translocations
 + Level 1.2 Transmutations
 + Level 1.2 Fire Magic
 + Level 1.2 Ice Magic
 + Level 1.2 Air Magic
 + Level 1.2 Earth Magic
 + Level 1.2 Poison Magic
 + Level 1.8 Invocations
 + Level 1.6 Evocations


You had 7 spell levels left.
You didn't know any spells.
Your spell library was empty.

Dungeon Overview and Level Annotations

Branches:
Dungeon (5/15)
 Temple: D:4-7

Altars:
Wu Jian

Annotations:
D:5 Menkaure


Innate Abilities, Weirdness & Mutations

You have very sharp teeth.
Your uncanny sense of smell can sniff out nearby items.
Your experience applies equally to all skills.


Message History

Why would you want to do that? Why would you want to do that?
There is an open door here.
There is an open door here.
There is a stone staircase leading down here.
You climb downwards.
Found an escape hatch in the floor.
There is a stone staircase leading up here.
You open the door.
Menkaure and a sleepcap come into view.
Found 18 gold pieces.
Menkaure shouts!
There is an open door here.
You hit the sleepcap.
The sleepcap is lightly damaged.
The sleepcap releases spores at you but does no damage.
You hit the sleepcap.
The sleepcap is lightly damaged.
You hit Menkaure.
Menkaure points at you and mumbles some strange words.
Pain shoots through your body! The sleepcap barely misses you.
You hit the sleepcap but do no damage.
The sleepcap is lightly damaged.
You hit Menkaure. The sleepcap closely misses you. Menkaure barely misses you.
You slash the sleepcap!
The sleepcap is moderately damaged.
You barely miss Menkaure. The sleepcap releases spores at you!
Menkaure misses you. The sleepcap closely misses you.
You slash the sleepcap!
The sleepcap is severely damaged.
You hit Menkaure. Menkaure hits you!!
* * * LOW HITPOINT WARNING * * *
The sleepcap misses you.
You hit the sleepcap but do no damage.
The sleepcap is severely damaged.
You hit Menkaure. Menkaure misses you. The sleepcap barely misses you.
You hit the sleepcap. Lightning courses through the sleepcap!
You destroy the sleepcap!
You hit Menkaure. Menkaure hits you!
You die...

......##$#.##
......########
.............#
.............#
.............#
.............#
........M..>.+
#@#....#
#.#....#
#.#....#
#.#....##.
#.........
#.<######.
#..# .....
...##.#.


You could see Menkaure.

Vanquished Creatures
  A phantom (D:4)
  A jelly (D:4)
  A sleepcap (D:5)
  2 adders (D:3)
  A worm (D:2)
  A dart slug (D:4)
  4 ball pythons
  7 endoplasms
  4 giant cockroaches
  6 goblins
  3 hobgoblins (D:1)
  A quokka (D:3)
  4 frilled lizards
  7 kobolds
  2 rats
45 creatures vanquished.

Notes
Turn   | Place    | Note
-------+----------+-------------------------------------------
     0 | D:1      | BlasphemerAmon the Gnoll Monk began the quest for the Orb.
     0 | D:1      | Reached XP level 1. HP: 23/23 MP: 1/1
    81 | D:1      | Reached XP level 2. HP: 29/29 MP: 2/2
   371 | D:1      | Reached skill level 1 in Unarmed Combat
   454 | D:2      | Reached XP level 3. HP: 24/35 MP: 3/3
   716 | D:3      | Reached skill level 1 in Invocations
   816 | D:3      | Reached skill level 1 in Short Blades
   816 | D:3      | Reached skill level 1 in Axes
   816 | D:3      | Reached skill level 1 in Maces & Flails
   816 | D:3      | Reached skill level 1 in Polearms
   816 | D:3      | Reached skill level 1 in Staves
   816 | D:3      | Reached skill level 1 in Ranged Weapons
   816 | D:3      | Reached skill level 1 in Throwing
   816 | D:3      | Reached skill level 1 in Armour
   816 | D:3      | Reached skill level 1 in Shields
   816 | D:3      | Reached skill level 1 in Spellcasting
   816 | D:3      | Reached skill level 1 in Evocations
   964 | D:4      | Noticed a phantom
   974 | D:4      | Killed a phantom
   975 | D:4      | Reached skill level 1 in Conjurations
   975 | D:4      | Reached skill level 1 in Hexes
   975 | D:4      | Reached skill level 1 in Summonings
   975 | D:4      | Reached skill level 1 in Necromancy
   975 | D:4      | Reached skill level 1 in Translocations
   975 | D:4      | Reached skill level 1 in Transmutations
   975 | D:4      | Reached skill level 1 in Fire Magic
   975 | D:4      | Reached skill level 1 in Ice Magic
   975 | D:4      | Reached skill level 1 in Air Magic
   975 | D:4      | Reached skill level 1 in Earth Magic
   975 | D:4      | Reached skill level 1 in Poison Magic
   975 | D:4      | Reached XP level 4. HP: 34/41 MP: 4/6
   975 | D:4      | Reached XP level 5. HP: 39/47 MP: 4/7
  1111 | D:4      | Found an ornate altar of the Wu Jian Council.
  1409 | D:5      | Entered Level 5 of the Dungeon
  1415 | D:5      | Noticed Menkaure
  1423 | D:5      | Mangled by Menkaure

Illustrated notes

Levels and vault maps discovered:
D:1:      lightli_arrival_boilingwater, layout_basic
D:2:      layout_basic, uniq_natasha
D:3:      layout_loops_ring, yredelemnul_forgotten_temple_becter
D:4:      layout_basic, mainiacjoe_overflow_catwalk
D:5:      lemuel_ice_spiral_2, layout_basic, lemuel_doored_altar,
          amcnicky_altar_lugonu_corruption, uniq_menkaure

Skill      XL: |  1  2  3 |
---------------+----------+-----
Unarmed Combat | 1 2 |  2.3
Invocations    | 1 |  1.8
Short Blades   | 1 |  1.6
Axes           | 1 |  1.6
Maces & Flails | 1 |  1.6
Polearms       | 1 |  1.6
Staves         | 1 |  1.6
Ranged Weapons | 1 |  1.6
Throwing       | 1 |  1.6
Armour         | 1 |  1.6
Shields        | 1 |  1.6
Spellcasting   | 1 |  1.6
Evocations     | 1 |  1.6
Conjurations   | 1 |  1.2
Hexes          | 1 |  1.2
Summonings     | 1 |  1.2
Necromancy     | 1 |  1.2
Translocations | 1 |  1.2
Transmutations | 1 |  1.2
Fire Magic     | 1 |  1.2
Ice Magic      | 1 |  1.2
Air Magic      | 1 |  1.2
Earth Magic    | 1 |  1.2
Poison Magic   | 1 |  1.2
Fighting       | |  6.7
Long Blades    | |  6.7
Dodging        | |  6.7
Stealth        | |  4.4

Action                     |  1- 3 |  4- 6 || total
---------------------------+-------+-------++-------
  Melee: Falchion          |     6 |       ||     6
         Hand axe          |    64 |    27 ||    91
         Bite              |     7 |     2 ||     9
   Stab: Sleeping          |     1 |     1 ||     2
 Armour: Robe              |    10 |     4 ||    14
  Dodge: Dodged            |    59 |    21 ||    80

Table legend: (Time is in decaauts)
 A = Elapsed time spent in this place.
 B = Non-inter-level travel time spent in this place.
 C = Inter-level travel time spent in this place.
 D = Time resting spent in this place.
 E = Time spent auto-exploring this place.
 F = Levels seen in this place.
 G = Mean time per level.
                   A        B        C        D        E       F      G
               +--------+--------+--------+--------+--------+-----+--------+
         Total |   1447 |   1424 |     23 |     84 |      0 |   5 |  289.4 |
       Dungeon |   1447 |   1424 |     23 |     84 |      0 |   5 |  289.4 |
               +--------+--------+--------+--------+--------+-----+--------+

Top non-repeatable levels by time:
     D:4: 529 daAuts
     D:1: 441 daAuts
     D:2: 268 daAuts
     D:3: 194 daAuts
     D:5: 15 daAuts
